[Event "Titled Tuesday Blitz April 19 Early 2022"]
[White "Dubov, Daniil"]
[Black "Dronavalli, Harika"]
[WhiteFideId "24126055"]
[BlackFideId "5015197"]
[WhiteElo "2791"]
[BlackElo "2382"]
[Result "1-0"]
[Round "02"]
[TimeControl "180+1"]
[Date "2022.04.19"]
[WhiteClock "0:00:10"]
[BlackClock "0:00:15"]

1. d4 Nf6 2. Nf3 c5 3. d5 b5 4. c4 g6 5. cxb5 a6 6. b6 Bg7 7. Nc3 e6 8. e4 O-O 9. Be2 Qxb6 10. O-O exd5 11. e5 Ne4 12. Nxd5 Qb7 13. Qd3 f5 14. Ne7+ Kh8 15. Ng5 Nxg5 16. Bxg5 Nc6 17. e6 Ne5 18. Qh3 Qxb2 19. Bf3 Bb7 20. Bxb7 Qxb7 21. f4 Ng4 22. Nxg6+ Kg8 23. Ne7+ Kh8 24. Ng6+ Kg8 25. Nxf8 Rxf8 26. e7 Re8 27. Qh5 Qc8 28. Rae1 Bd4+ 29. Kh1 Nf2+ 30. Rxf2 Bxf2 31. Re2 Qb8 32. Rd2 d5 33. h3 Bd4 34. Qf3 Qb1+ 35. Rd1 Qe4 36. Qh5 Qxe7 37. Bxe7 1-0


[Site "https://www.chess.com"]

[Event "Titled Tuesday Blitz April 19 Early 2022"]
[White "Dwilewicz, Katarzyna"]
[Black "Le Ruyet, Leopold"]
[WhiteFideId "1148486"]
[BlackFideId "645923"]
[WhiteElo "1907"]
[BlackElo "2276"]
[Result "0-1"]
[Round "02"]
[TimeControl "180+1"]
[Date "2022.04.19"]
[WhiteClock "0:00:19"]
[BlackClock "0:00:18"]

1. e4 e5 2. Nf3 Nc6 3. Bc4 Bc5 4. d3 Nf6 5. O-O d6 6. c3 Bb6 7. Bb3 h6 8. Nbd2 g5 9. Nc4 Bg4 10. Nxb6 axb6 11. Re1 Qd7 12. d4 Qe7 13. d5 Nb8 14. Bc2 Bh5 15. Qd3 Bg6 16. Qb5+ Nbd7 17. b4 Nh5 18. a4 Nf4 19. a5 Bh5 20. Re3 O-O 21. Bb2 Bg4 22. Ne1 f5 23. h3 Bh5 24. exf5 g4 25. hxg4 Bxg4 26. Rg3 h5 27. f3 Qh4 28. Rxg4+ hxg4 29. Qxd7 g3 0-1


[Site "https://www.chess.com"]

[Event "Titled Tuesday Blitz April 19 Early 2022"]
[White "Esipenko, Andrey"]
[Black "Vokarev, Sergey"]
[WhiteFideId "24175439"]
[BlackFideId "4119711"]
[WhiteElo "2617"]
[BlackElo "2343"]
[Result "1/2-1/2"]
[Round "02"]
[TimeControl "180+1"]
[Date "2022.04.19"]
[WhiteClock "0:00:03"]
[BlackClock "0:00:48"]

1. e4 c5 2. Nf3 Nc6 3. d4 cxd4 4. Nxd4 Nf6 5. Nc3 g6 6. Nxc6 dxc6 7. Qxd8+ Kxd8 8. Be3 e5 9. Bc4 Ke8 10. a4 Nd7 11. a5 Bc5 12. Bh6 Bf8 13. Bd2 Bc5 14. h4 h5 15. Nd1 Ke7 16. b4 Bd6 17. Ne3 Nf8 18. Bd3 Ne6 19. c3 Bc7 20. g3 Rd8 21. Ke2 Bd7 22. Rhb1 b5 23. axb6 axb6 24. Nc4 b5 25. Na5 c5 26. Be3 c4 27. Bc2 Ra6 28. Nb7 Rda8 29. Rxa6 Rxa6 30. Rd1 Bc8 31. Nc5 Nxc5 32. Bxc5+ Bd6 33. Bxd6+ Rxd6 34. Rxd6 Kxd6 35. f4 f6 36. Ke3 Bg4 37. f5 g5 38. hxg5 fxg5 39. Kf2 Ke7 40. Kg2 Kf6 41. Kf2 Ke7 42. Kg2 Kf6 43. Kf2 Ke7 1/2-1/2


[Site "https://www.chess.com"]

[Event "Titled Tuesday Blitz April 19 Early 2022"]
[White "Ezat, Mohamed"]
[Black "Moskalenko, Alexander"]
[WhiteFideId "10600906"]
[BlackFideId "4155351"]
[WhiteElo "2386"]
[BlackElo "2434"]
[Result "0-1"]
[Round "02"]
[TimeControl "180+1"]
[Date "2022.04.19"]
[WhiteClock "0:00:51"]
[BlackClock "0:02:09"]

1. d4 Nf6 2. c4 g6 3. Nc3 Bg7 4. e4 O-O 5. Be2 d6 6. Bg5 c5 7. d5 b5 8. cxb5 a6 9. a4 Qa5 10. Bd2 axb5 11. Bxb5 Ba6 12. Nf3 Bxb5 13. Nxb5 Qb6 14. Qe2 Na6 15. O-O Nc7 16. Nxc7 Qxc7 17. Bc3 Rfb8 18. Rfd1 Nd7 19. Bxg7 Kxg7 20. h3 Rb4 21. a5 Rxa5 22. Rxa5 Qxa5 23. e5 Qb5 24. Qe3 Rb3 25. Qg5 f6 26. exf6+ exf6 27. Qf4 Ne5 28. Nxe5 fxe5 29. Qg5 Qd7 30. Rd2 h6 31. Qh4 Rb4 32. Qg3 Qf5 33. Qa3 Qf4 34. Qa7+ Kf6 35. Rd3 e4 36. Re3 Rxb2 37. Qa1 Qxf2+ 38. Kh1 Qxg2# 0-1


[Site "https://www.chess.com"]

[Event "Titled Tuesday Blitz April 19 Early 2022"]
[White "Fernandez Hernandez, Gerardo"]
[Black "Belenkaya, Dina"]
[WhiteFideId "2207400"]
[BlackFideId "24142654"]
[WhiteElo "2094"]
[BlackElo "2196"]
[Result "0-1"]
[Round "02"]
[TimeControl "180+1"]
[Date "2022.04.19"]
[WhiteClock "0:00:01"]
[BlackClock "0:00:24"]

1. e4 c6 2. d4 d5 3. exd5 cxd5 4. c4 Nc6 5. Nc3 Nf6 6. Bf4 e6 7. c5 Be7 8. Bb5 O-O 9. Nf3 Bd7 10. Bxc6 bxc6 11. Qa4 Nh5 12. Bg3 f6 13. O-O Re8 14. Rfe1 Bf8 15. b4 a6 16. Qc2 g6 17. Na4 Bg7 18. Nb6 Ra7 19. Bd6 Bc8 20. g4 Rb7 21. Nxc8 Qxc8 22. gxh5 e5 23. hxg6 Qg4+ 24. Kf1 Qxf3 25. gxh7+ Kh8 26. Qg6 Qh1+ 27. Ke2 Qe4+ 28. Qxe4 dxe4 29. dxe5 f5 30. a3 Bxe5 31. Bxe5+ Rxe5 32. Rad1 Re6 33. Rg1 Kxh7 34. Rd8 a5 35. Rb1 Rh6 36. Rd6 Rxh2 37. Rxc6 f4 38. Rf6 f3+ 39. Ke3 Rd7 40. Rb3 Rd1 41. Kxe4 Rxf2 42. Rbxf3 Re1+ 43. Kf4 Rxf3+ 0-1


[Site "https://www.chess.com"]

[Event "Titled Tuesday Blitz April 19 Early 2022"]
[White "Fromm, Marius"]
[Black "Nazari, Arad"]
[WhiteFideId "12993190"]
[BlackFideId "12577324"]
[WhiteElo "2497"]
[BlackElo "2129"]
[Result "0-1"]
[Round "02"]
[TimeControl "180+1"]
[Date "2022.04.19"]
[WhiteClock "0:00:05"]
[BlackClock "0:00:19"]

1. e4 c5 2. Nf3 d6 3. d4 cxd4 4. Nxd4 Nf6 5. Nc3 a6 6. g3 e5 7. Nde2 Be6 8. a4 Be7 9. Bg2 O-O 10. O-O a5 11. h3 Na6 12. Be3 Nb4 13. Nb5 d5 14. c3 Nc6 15. exd5 Bxd5 16. Bg5 Bc4 17. Re1 Qxd1 18. Raxd1 Rad8 19. Nc1 h6 20. Bxf6 gxf6 21. b3 Be6 22. Nc7 Bd6 23. Nxe6 fxe6 24. Nd3 Kf7 25. b4 axb4 26. cxb4 Nxb4 27. Bxb7 Nc2 28. Rf1 f5 29. a5 e4 30. Nf4 e3 31. Rc1 exf2+ 32. Rxf2 Na3 33. a6 Nb5 34. Kg2 Rg8 35. Rd1 Rxg3+ 36. Kxg3 Bxf4+ 37. Kxf4 Rxd1 38. Rb2 Na7 39. Rc2 Kf6 40. Rc7 Rd3 41. Rc5 h5 42. Bf3 Ra3 0-1


[Site "https://www.chess.com"]

[Event "Titled Tuesday Blitz April 19 Early 2022"]
[White "Gabdrakhmanov, Azat"]
[Black "Indjic, Aleksandar"]
[WhiteFideId "34189197"]
[BlackFideId "911925"]
[WhiteElo "2279"]
[BlackElo "2616"]
[Result "0-1"]
[Round "02"]
[TimeControl "180+1"]
[Date "2022.04.19"]
[WhiteClock "0:00:15"]
[BlackClock "0:00:56"]

1. e4 c6 2. d3 d5 3. Nd2 e5 4. Ngf3 Bd6 5. g3 Nf6 6. Bg2 O-O 7. O-O Nbd7 8. Re1 Qc7 9. Qe2 Re8 10. Nf1 a5 11. Nh4 Bf8 12. Ne3 dxe4 13. dxe4 g6 14. b3 a4 15. Bb2 b5 16. Rad1 axb3 17. axb3 Ra2 18. Ba1 Nc5 19. f4 exf4 20. Bxf6 fxe3 21. Bd4 Nxb3 22. Bxe3 Na5 23. Bd4 Nc4 24. Qf2 c5 25. Ba1 Ne5 26. Rd5 c4 27. Rf1 Ng4 28. Qd2 Rxa1 29. Rxa1 Qb6+ 30. Kf1 Ne3+ 31. Ke2 Bg4+ 32. Ke1 Bb4 33. c3 Bxc3 34. Qxc3 Nxd5 35. Qd2 Ne3 36. Bf3 Bxf3 37. Nxf3 Ng4 38. Qd4 Qxd4 39. Nxd4 Rxe4+ 40. Ne2 Nxh2 41. Kd1 Ng4 42. Nc3 Re5 43. Ra5 Nf2+ 44. Kc2 Ne4 45. Nxe4 Rxe4 46. Rxb5 Rg4 47. Rc5 h5 0-1


[Site "https://www.chess.com"]

[Event "Titled Tuesday Blitz April 19 Early 2022"]
[White "Gabrielian, Artur"]
[Black "Gracia Alvarez, Gerardo Antonio"]
[WhiteFideId "4131002"]
[BlackFideId "5109124"]
[WhiteElo "2440"]
[BlackElo "2139"]
[Result "1-0"]
[Round "02"]
[TimeControl "180+1"]
[Date "2022.04.19"]
[WhiteClock "0:01:20"]
[BlackClock "0:00:25"]

1. c4 c5 2. Nc3 g6 3. g3 Bg7 4. Bg2 Nc6 5. Nf3 e6 6. O-O Nge7 7. e3 O-O 8. d4 cxd4 9. Nxd4 Nxd4 10. exd4 d5 11. cxd5 Nxd5 12. Re1 Nxc3 13. bxc3 Qc7 14. Qd3 Bd7 15. Bf4 Qc8 16. h4 Bc6 17. h5 Bxg2 18. Kxg2 Qc6+ 19. Kg1 Rfc8 20. Re3 b5 21. Rae1 Qc4 22. Qd2 b4 23. cxb4 Qxd4 24. Qxd4 Bxd4 25. Rd3 Bc3 26. Re4 gxh5 27. b5 Bf6 28. a4 Rd8 29. Rxd8+ Rxd8 30. Be3 Rd7 31. a5 Bd8 32. a6 Rd1+ 33. Kg2 Rb1 34. Rc4 Kg7 35. Rc8 Ba5 36. Bxa7 Rxb5 37. Bd4+ e5 38. a7 1-0


[Site "https://www.chess.com"]

[Event "Titled Tuesday Blitz April 19 Early 2022"]
[White "Gatterer, Florian"]
[Black "Marczuk, Dominik"]
[WhiteFideId "811688"]
[BlackFideId "1111264"]
[WhiteElo "2218"]
[BlackElo "1912"]
[Result "1/2-1/2"]
[Round "02"]
[TimeControl "180+1"]
[Date "2022.04.19"]
[WhiteClock "0:00:12"]
[BlackClock "0:00:18"]

1. f4 b5 2. Nf3 Bb7 3. e3 b4 4. Be2 Nf6 5. a3 a5 6. axb4 axb4 7. Rxa8 Bxa8 8. O-O e6 9. c3 c5 10. d4 Qb6 11. Nbd2 Be7 12. Nc4 Qa7 13. Bd2 O-O 14. Qa1 Qb7 15. Na5 Qc7 16. cxb4 cxb4 17. Rc1 Nc6 18. Nxc6 Bxc6 19. Ne5 Ne4 20. Be1 Qb6 21. Nxc6 dxc6 22. Bf3 f5 23. Bxe4 fxe4 24. Qb1 c5 25. Qxe4 cxd4 26. exd4 Bf6 27. Bf2 Qa6 28. h3 Qa2 29. Kh2 h6 30. Rc2 Qb3 31. Re2 Kh8 32. Qxe6 Qd3 33. Qe4 Qb3 34. d5 Rd8 35. d6 Rxd6 36. Qe8+ Kh7 37. Qe4+ Kh8 38. Qe8+ Qg8 39. Qxg8+ Kxg8 40. Bc5 Rc6 41. Bxb4 Rc4 42. Bc3 Bxc3 43. bxc3 Rxc3 44. Rf2 Kh7 45. g3 Kg6 46. Kg2 Kf5 47. Rf3 Rc2+ 48. Rf2 Rc3 49. Rf3 Rc2+ 50. Rf2 Rc3 1/2-1/2


[Site "https://www.chess.com"]

[Event "Titled Tuesday Blitz April 19 Early 2022"]
[White "Gharibyan, Mamikon"]
[Black "Jakubowska, Anna"]
[WhiteFideId "13308300"]
[BlackFideId "1121952"]
[WhiteElo "2254"]
[BlackElo "1924"]
[Result "0-1"]
[Round "02"]
[TimeControl "180+1"]
[Date "2022.04.19"]
[WhiteClock "0:00:15"]
[BlackClock "0:00:24"]

1. e4 Nf6 2. Nc3 d5 3. exd5 Nxd5 4. Qf3 Nxc3 5. Bc4 e6 6. bxc3 Be7 7. Qg3 Bf6 8. Ne2 Qd6 9. Qf3 Nc6 10. d4 O-O 11. Ng3 Nxd4 12. cxd4 Qxd4 13. O-O Qxc4 14. Rb1 Qxc2 15. Ba3 Rd8 16. Ne4 Be5 17. Rbc1 Qa4 18. Rfe1 Bd7 19. Ng5 Bf6 20. Ne4 Bd4 21. Rxc7 Qa5 22. Rxb7 Qxe1# 0-1


[Site "https://www.chess.com"]

[Event "Titled Tuesday Blitz April 19 Early 2022"]
[White "Golubeva, Oksana"]
[Black "Rodchenkov, Vitaly"]
[WhiteFideId "4170164"]
[BlackFideId "4152964"]
[WhiteElo "2162"]
[BlackElo "2337"]
[Result "1-0"]
[Round "02"]
[TimeControl "180+1"]
[Date "2022.04.19"]
[WhiteClock "0:01:05"]
[BlackClock "0:01:07"]

1. Nf3 Nf6 2. e3 e6 3. c4 b6 4. Nc3 Bb7 5. d4 Bb4 6. g4 h6 7. Rg1 Bxc3+ 8. bxc3 c5 9. h4 d6 10. g5 hxg5 11. hxg5 Ne4 12. g6 f6 13. Bb2 Nd7 14. Nd2 Rh6 15. Bd3 Nxd2 16. Qxd2 Qe7 17. a4 a5 18. Rb1 Kd8 19. Bc1 Kc7 20. Qb2 Rah8 21. Ke2 Qe8 22. e4 f5 23. Bxh6 Rxh6 24. exf5 exf5+ 25. Kd2 Rh2 26. Rbf1 Qh8 27. Bxf5 Qh6+ 28. Kc2 Qf4 29. Bxd7 Rxf2+ 30. Kb3 Rxb2+ 31. Kxb2 Qd2+ 32. Kb3 Kxd7 33. Rf7+ Kc8 34. Rxg7 Be4 35. Rg8+ Kd7 36. Rg7+ Ke6 37. d5+ Ke5 38. Re7+ Kf5 39. Rxe4 Kxe4 40. g7 Kd3 41. Rg3+ Ke2 42. Rg2+ Kd1 43. Rxd2+ Kxd2 44. g8=Q Kd1 1-0


[Site "https://www.chess.com"]

[Event "Titled Tuesday Blitz April 19 Early 2022"]
[White "Golubovskis, Maksims"]
[Black "Nugumanov, Bakhtiyar"]
[WhiteFideId "11608528"]
[BlackFideId "13701797"]
[WhiteElo "2070"]
[BlackElo "2262"]
[Result "1-0"]
[Round "02"]
[TimeControl "180+1"]
[Date "2022.04.19"]
[WhiteClock "0:00:13"]
[BlackClock "0:00:03"]

1. e4 c6 2. d4 d5 3. e5 c5 4. dxc5 e6 5. Nf3 Bxc5 6. c4 Ne7 7. Nc3 O-O 8. Bg5 Qb6 9. Qc2 Nbc6 10. a3 Bd4 11. O-O-O Bxc3 12. Qxc3 dxc4 13. Bxc4 Nd5 14. Qc2 Qc7 15. Kb1 Nb6 16. Bb3 Bd7 17. Rd6 Rfc8 18. Rhd1 Be8 19. Be3 Na5 20. Qxc7 Rxc7 21. Rd8 Rxd8 22. Rxd8 Kf8 23. Bxb6 axb6 24. Ba4 Nc6 25. Ra8 Ke7 26. Nd4 Nxd4 27. Rxe8# 1-0


[Site "https://www.chess.com"]

[Event "Titled Tuesday Blitz April 19 Early 2022"]
[White "Goryachkina, Aleksandra"]
[Black "Grischuk, Alexander"]
[WhiteFideId "4147103"]
[BlackFideId "4126025"]
[WhiteElo "2426"]
[BlackElo "2762"]
[Result "1/2-1/2"]
[Round "02"]
[TimeControl "180+1"]
[Date "2022.04.19"]
[WhiteClock "0:00:03"]
[BlackClock "0:00:06"]

1. e4 d5 2. exd5 Qxd5 3. Nc3 Qa5 4. d4 Nf6 5. Nf3 c6 6. Bc4 Bf5 7. O-O Nbd7 8. Bf4 e6 9. Qe2 Be7 10. h3 h6 11. Ne5 Nxe5 12. dxe5 Nd7 13. Rfd1 Rd8 14. a3 O-O 15. Bd3 Nb6 16. Bxf5 exf5 17. e6 Nd5 18. Nxd5 Rxd5 19. exf7+ Rxf7 20. Qe6 Qd8 21. Rxd5 Qxd5 22. Qxd5 cxd5 23. Rd1 Bf6 24. c3 Rd7 25. Be3 a6 26. Bd4 Kf7 27. Kf1 b5 28. Bxf6 Kxf6 29. Rd4 g5 30. Ke2 Ke5 31. a4 Rb7 32. Rb4 Kd6 33. axb5 axb5 34. Kd3 Kc5 35. h4 Re7 36. hxg5 hxg5 37. Rd4 Re1 38. Kd2 Re4 39. b4+ Kd6 40. Kd3 Ke5 41. g3 f4 42. g4 Rxd4+ 43. cxd4+ Kd6 44. f3 Ke6 45. Kc3 Kd6 46. Kd3 Ke6 47. Kc3 Kd6 48. Kd3 1/2-1/2


[Site "https://www.chess.com"]

[Event "Titled Tuesday Blitz April 19 Early 2022"]
[White "Grunberg, Mihai-Lucian"]
[Black "Gorshtein, Ido"]
[WhiteFideId "1204149"]
[BlackFideId "2815532"]
[WhiteElo "2364"]
[BlackElo "2415"]
[Result "0-1"]
[Round "02"]
[TimeControl "180+1"]
[Date "2022.04.19"]
[WhiteClock "0:02:11"]
[BlackClock "0:02:18"]

1. Nf3 Nf6 2. d4 d5 3. c4 dxc4 4. e3 e6 5. Bxc4 a6 6. O-O b5 7. Bd3 Bb7 8. a4 b4 9. Nbd2 c5 10. dxc5 Qxd3 11. Ne5 Qd5 12. Ndf3 Bxc5 13. Qc2 b3 14. Qc3 O-O 15. Bd2 Ne4 16. Qa5 Be7 17. Qxd5 Bxd5 18. Rac1 f6 19. Nc4 Nd7 20. Nd4 Rac8 21. f3 0-1


[Site "https://www.chess.com"]

[Event "Titled Tuesday Blitz April 19 Early 2022"]
[White "Gubajdullin, Alexei"]
[Black "Zemlyanskii, Ivan"]
[WhiteFideId "4141202"]
[BlackFideId "24249971"]
[WhiteElo "2266"]
[BlackElo "1759"]
[Result "1-0"]
[Round "02"]
[TimeControl "180+1"]
[Date "2022.04.19"]
[WhiteClock "0:00:08"]
[BlackClock "0:00:11"]

1. c4 e5 2. Nc3 Bb4 3. Nd5 Be7 4. d4 exd4 5. Qxd4 Nf6 6. Nxe7 Qxe7 7. Bg5 Nc6 8. Qc3 d6 9. g3 Be6 10. Bg2 h6 11. Bxf6 Qxf6 12. Qxf6 gxf6 13. b3 O-O-O 14. Nh3 Nd4 15. Rd1 Nc2+ 16. Kd2 Nb4 17. a3 Na6 18. Kc3 Rhe8 19. Nf4 c6 20. b4 Nc7 21. Rd2 Rd7 22. Rhd1 Red8 23. Nh5 Ne8 24. Rd4 Re7 25. Rh4 d5 26. cxd5 cxd5 27. Nf4 Nd6 28. Bxd5 Rc7+ 29. Kb2 Nc4+ 30. Ka2 Kb8 31. e4 Nb6 32. Rxh6 Rc2+ 33. Kb1 Rxf2 34. Rxf6 Nc4 35. Nxe6 Nxa3+ 36. Ka1 Nc2+ 37. Kb2 Ne3+ 38. Rxf2 Nxd1+ 39. Kb3 fxe6 40. Rd2 Ne3 41. Rd3 Ng4 42. Bc4 Rxd3+ 43. Bxd3 Nxh2 44. Be2 Kc7 45. Kc4 Kd6 46. Kd4 b6 47. b5 e5+ 48. Ke3 Kc5 49. Kf2 Kd4 50. Kg2 Ke3 51. Bh5 Kxe4 52. Kxh2 Kf5 53. Kg2 Kg5 54. Be2 Kf5 55. Kf2 Ke4 56. g4 Kf4 57. Bf3 e4 58. Be2 e3+ 59. Kg2 Ke4 60. Kg3 Kd4 61. Kf3 Kc5 62. Kxe3 a5 63. bxa6 b5 64. a7 b4 65. a8=Q b3 66. Qc8+ Kb4 67. Qb7+ Kc3 68. Bd3 1-0


[Site "https://www.chess.com"]

[Event "Titled Tuesday Blitz April 19 Early 2022"]
[White "Gulevich, Artem"]
[Black "Araujo Filho, Luiz Antonio Coel"]
[WhiteFideId "24119580"]
[BlackFideId "2130661"]
[WhiteElo "2218"]
[BlackElo "2300"]
[Result "1-0"]
[Round "02"]
[TimeControl "180+1"]
[Date "2022.04.19"]
[WhiteClock "0:01:16"]
[BlackClock "0:00:14"]

1. Nf3 f5 2. b3 Nf6 3. Bb2 g6 4. d4 Bg7 5. e3 O-O 6. Nbd2 d6 7. Bd3 c6 8. O-O Qe8 9. c4 Nbd7 10. b4 e5 11. dxe5 dxe5 12. e4 f4 13. c5 h6 14. Nc4 Nh7 15. Nd6 Qe7 16. Bc4+ Kh8 17. Qd3 g5 18. Rfd1 Nhf6 19. Nf5 Qe8 20. Nxg7 Kxg7 21. a3 b6 22. cxb6 axb6 23. Qd6 b5 24. Qxc6 Ra6 25. Qxb5 Nxe4 26. Rxd7+ 1-0


[Site "https://www.chess.com"]

[Event "Titled Tuesday Blitz April 19 Early 2022"]
[White "Guz, Ari"]
[Black "Palachev, Petr"]
[WhiteFideId "2825759"]
[BlackFideId "24129003"]
[WhiteElo "1913"]
[BlackElo "2339"]
[Result "0-1"]
[Round "02"]
[TimeControl "180+1"]
[Date "2022.04.19"]
[WhiteClock "0:00:15"]
[BlackClock "0:00:33"]

1. e4 c5 2. Nf3 Nc6 3. c3 Nf6 4. e5 Nd5 5. d4 cxd4 6. cxd4 d6 7. Bc4 dxe5 8. dxe5 Ndb4 9. Qe2 Bf5 10. Na3 Nd3+ 11. Kf1 e6 12. Bg5 f6 13. exf6 gxf6 14. Bxe6 Bxe6 15. Qxe6+ Be7 16. Bxf6 Rf8 17. Bxe7 Qxe7 18. Qxe7+ Kxe7 19. Nc4 b5 20. Ne3 Rad8 21. Ke2 Nf4+ 22. Kf1 Nd3 23. Rd1 Nxb2 24. Rxd8 Rxd8 25. Ke2 b4 26. Rb1 Na4 27. Kf1 Nc3 28. Rb2 a5 29. g4 a4 30. h4 a3 31. Rc2 Rd3 32. Kg2 Kd8 33. Nd2 Nd4 34. Nb3 Nxc2 35. Nxc2 Nxa2 36. Kf1 Rxb3 0-1


[Site "https://www.chess.com"]

[Event "Titled Tuesday Blitz April 19 Early 2022"]
[White "Hasangatin, Ramil"]
[Black "Fedoseev, Vladimir"]
[WhiteFideId "4122160"]
[BlackFideId "24130737"]
[WhiteElo "2375"]
[BlackElo "2726"]
[Result "0-1"]
[Round "02"]
[TimeControl "180+1"]
[Date "2022.04.19"]
[WhiteClock "0:00:15"]
[BlackClock "0:00:43"]

1. e4 c6 2. Nf3 d5 3. d3 Qc7 4. g3 e5 5. Bg2 Nf6 6. O-O dxe4 7. dxe4 Bc5 8. Qe1 O-O 9. b4 Bd6 10. Bb2 Be6 11. Qe2 a5 12. a3 Na6 13. c3 b5 14. Nbd2 Rfb8 15. Nh4 c5 16. bxa5 c4 17. Nf5 Nc5 18. Nxd6 Qxd6 19. a4 Nxa4 20. Ba3 Nxc3 21. Qe3 Qd4 22. Qxd4 Ne2+ 23. Kh1 Nxd4 24. Bd6 Rd8 25. Bxe5 Nc6 26. Bxf6 gxf6 27. e5 Rxd2 28. Bxc6 Bd5+ 29. Bxd5 Rxd5 30. a6 fxe5 31. Rfb1 c3 32. Rb3 Rc5 33. Kg2 c2 0-1


[Site "https://www.chess.com"]

[Event "Titled Tuesday Blitz April 19 Early 2022"]
[White "Horcajuelo Rocamora, Martin"]
[Black "Csonka, Balazs"]
[WhiteFideId "24573027"]
[BlackFideId "742910"]
[WhiteElo "1822"]
[BlackElo "2404"]
[Result "0-1"]
[Round "02"]
[TimeControl "180+1"]
[Date "2022.04.19"]
[WhiteClock "0:00:21"]
[BlackClock "0:00:06"]

1. d4 Nf6 2. Bf4 d6 3. Nf3 g6 4. e3 Bg7 5. Bd3 O-O 6. O-O b6 7. h3 Bb7 8. Nbd2 Nbd7 9. c3 Re8 10. Bh2 e5 11. Bc2 e4 12. Ne1 h5 13. Qe2 Nf8 14. c4 N8h7 15. Nb1 h4 16. Nc3 Qe7 17. Ba4 Rf8 18. b4 Ng5 19. Nc2 Bc8 20. Bf4 Nfh7 21. Nd5 Qd8 22. Bc6 Rb8 23. Kh2 Bf5 24. Na3 Ne6 25. Nb5 a6 26. Nbc3 g5 27. g4 Bg6 28. Bg3 Nf6 29. Rad1 Kh8 30. Kg2 hxg3 31. fxg3 Ng8 32. Ba4 Ne7 33. Nxe7 Qxe7 34. Nd5 Qd8 35. Bc2 c6 36. Nc3 d5 37. c5 bxc5 38. bxc5 Nxc5 39. Nxd5 Qxd5 40. dxc5 Qxc5 41. Bb3 Rxb3 42. axb3 Qb5 43. Qxb5 axb5 44. Rd6 Rc8 45. Rc1 c5 46. Rd5 c4 47. Rxb5 c3 48. Rc5 Rxc5 49. Rc2 Rb5 50. h4 gxh4 51. gxh4 Rxb3 52. Kg3 Rb2 53. Rc1 c2 54. h5 Bh7 55. Kf4 Bc3 56. g5 Bd2 57. Rxc2 Rxc2 58. g6 fxg6 59. hxg6 Bxg6 60. Ke5 Bxe3 61. Kf6 Kh7 62. Ke6 Bh6 63. Ke7 e3 64. Ke6 e2 65. Ke5 e1=Q+ 66. Kd5 Rd2+ 67. Kc6 Qc1+ 68. Kb6 Rb2+ 69. Ka6 Qa1# 0-1


[Site "https://www.chess.com"]

[Event "Titled Tuesday Blitz April 19 Early 2022"]
[White "Horobetz, Graham"]
[Black "Stelmaszyk, Nico"]
[WhiteFideId "2047322"]
[BlackFideId "16200462"]
[WhiteElo "2597"]
[BlackElo "2119"]
[Result "1-0"]
[Round "02"]
[TimeControl "180+1"]
[Date "2022.04.19"]
[WhiteClock "0:00:14"]
[BlackClock "0:00:20"]

1. e4 e5 2. Nf3 Nf6 3. d4 Nxe4 4. Bd3 Nc6 5. Bxe4 d5 6. Bd3 e4 7. Be2 exf3 8. Bxf3 Qe7+ 9. Be3 Qb4+ 10. Nd2 Nxd4 11. Bxd5 Nf5 12. Qf3 Bd6 13. g4 Nxe3 14. Qxf7+ Kd8 15. fxe3 Qxg4 16. Bf3 Qh4+ 17. Ke2 Qf6 18. Qxf6+ gxf6 19. Ne4 Be5 20. Rad1+ Ke7 21. c3 Bf5 22. Nc5 Rab8 23. Be4 Bg4+ 24. Bf3 Bxf3+ 25. Kxf3 b6 26. Nd3 Rbd8 27. Nb4 Ke6 28. Nd3 Rd5 29. c4 Rd6 30. b3 Rhd8 31. Ke2 Rg8 32. Rhg1 Rxg1 33. Rxg1 Bxh2 34. Rh1 Be5 35. Rxh7 Rd7 36. Rh8 Kd6 37. Re8 Re7 38. Ra8 a5 39. Kf3 Kc6 40. Rg8 Rd7 41. Ke4 Re7 42. Kf5 Bd6 43. e4 Rd7 44. Rg6 Be7 45. Ne5+ Kd6 46. Nxd7 Kxd7 47. Rg7 Kd6 48. Rf7 Bd8 49. Rxf6+ Bxf6 50. Kxf6 Kd7 1-0


[Site "https://www.chess.com"]

[Event "Titled Tuesday Blitz April 19 Early 2022"]
[White "Iskusnyh, Sergei"]
[Black "Pranav, V"]
[WhiteFideId "4120027"]
[BlackFideId "25060783"]
[WhiteElo "2492"]
[BlackElo "2349"]
[Result "0-1"]
[Round "02"]
[TimeControl "180+1"]
[Date "2022.04.19"]
[WhiteClock "0:00:42"]
[BlackClock "0:00:46"]

1. d4 Nf6 2. c4 b6 3. Nc3 Bb7 4. Qc2 e6 5. e4 Bb4 6. Bd3 d6 7. Ne2 Bxc3+ 8. Nxc3 e5 9. d5 a5 10. O-O Na6 11. Qe2 Nc5 12. Bc2 h6 13. f4 exf4 14. e5 dxe5 15. Qxe5+ Qe7 16. Bxf4 Qxe5 17. Bxe5 O-O-O 18. Bxf6 gxf6 19. Rxf6 Rhg8 20. Raf1 Kb8 21. Rxf7 Bc8 22. Nb5 Rg4 23. R7f4 Rg5 24. Nd4 Rdg8 25. R1f2 Kb7 26. Rf7 Bh3 27. g3 Re5 28. Nf3 Re3 29. d6 Rge8 30. Rd2 Re1+ 31. Nxe1 Rxe1+ 32. Kf2 Rf1+ 33. Ke3 Rxf7 34. dxc7 Kxc7 35. Rd5 Be6 36. Rh5 Rf6 37. b3 Kd6 38. h3 Nd7 39. Rb5 Bxh3 40. a3 Be6 41. b4 Bxc4 0-1


[Site "https://www.chess.com"]

[Event "Titled Tuesday Blitz April 19 Early 2022"]
[White "Ismayil, Malak"]
[Black "Redor, Menandro"]
[WhiteFideId "13412604"]
[BlackFideId "5222010"]
[WhiteElo "1879"]
[BlackElo "1986"]
[Result "1-0"]
[Round "02"]
[TimeControl "180+1"]
[Date "2022.04.19"]
[WhiteClock "0:01:14"]
[BlackClock "0:00:13"]

1. e4 c6 2. d4 d5 3. exd5 cxd5 4. Bd3 Nf6 5. c3 Nc6 6. h3 Bd7 7. Nf3 e6 8. O-O Be7 9. Bf4 O-O 10. Nbd2 a6 11. Ne5 b5 12. a3 Na5 13. Qf3 Nc4 14. Ndxc4 bxc4 15. Bc2 Bd6 16. Rae1 Qe7 17. Bg5 Rad8 18. Ng4 e5 19. Nxf6+ gxf6 20. Bxf6 e4 21. Bxe7 exf3 22. Bxd6 fxg2 23. Kxg2 Bxh3+ 24. Kxh3 Rxd6 25. Rg1+ Kh8 26. Rg4 f5 27. Rh4 Rf7 28. Re5 Rb6 29. Rxf5 Rxf5 30. Bxf5 h6 31. Kg3 Kg7 32. Rg4+ Kf7 33. Rf4 Rxb2 34. Bc8+ Ke7 35. Bxa6 Rb3 36. Rf3 Kd8 37. a4 Kc7 38. Bb5 Kb6 39. Kf4 Kc7 40. Ke5 h5 41. Kxd5 h4 1-0


[Site "https://www.chess.com"]

[Event "Titled Tuesday Blitz April 19 Early 2022"]
[White "Jaracz, Pawel"]
[Black "Andreikin, Dmitry"]
[WhiteFideId "1102222"]
[BlackFideId "4158814"]
[WhiteElo "2429"]
[BlackElo "2736"]
[Result "0-1"]
[Round "02"]
[TimeControl "180+1"]
[Date "2022.04.19"]
[WhiteClock "0:00:18"]
[BlackClock "0:01:04"]

1. e4 c5 2. Nf3 e6 3. d4 cxd4 4. Nxd4 Nc6 5. Nc3 d6 6. Be3 Nf6 7. f3 Be7 8. Qd2 a6 9. O-O-O h5 10. Kb1 Bd7 11. h3 h4 12. f4 b5 13. Bd3 Rc8 14. Nf3 Qc7 15. Ng5 Na5 16. Rhe1 b4 17. Ne2 Nc4 18. Bxc4 Qxc4 19. Bd4 Bc6 20. Nc1 a5 21. b3 Qb5 22. Nd3 Bb7 23. Nb2 O-O 24. Qf2 Nh7 25. Nxh7 Kxh7 26. Nc4 Rxc4 27. bxc4 Qxc4 28. Bb2 a4 29. Rd4 Qb5 30. e5 b3 31. cxb3 axb3 32. a4 Qc5 33. Rc1 Be4+ 34. Ka1 Qa7 35. Qe3 Bf5 36. exd6 Bxd6 37. Qc3 Be7 38. Qxb3 Rb8 39. Rd7 Qxd7 40. Qxb8 Qxa4+ 0-1


[Site "https://www.chess.com"]